 Dungeon Crawl Stone Soup version 0.17-a0-970-g20dd4de (webtiles) character file.

58 talyn the Conjurer (level 3, 0/39 HPs)
             Began as a Draconian Conjurer on May 9, 2015.
             Slain by a gnoll
             ... wielding a +2 spear of freezing
              (4 damage)
             ... on level 2 of the Dungeon.
             The game lasted 00:05:21 (1827 turns).

talyn the Conjurer (Draconian Conjurer)             Turns: 1827, Time: 00:05:21

Health: 0/39       AC: 21    Str: 10    XL:     3   Next: 76%
Magic:  2/7        EV:  2    Int: 16    God:
Gold:   118        SH:  0    Dex: 11    Spells: 3 memorised, 2 levels left

rFire  . . .     SeeInvis +     l - +3 dagger (speed)
rCold  . . .     Clarity  .     (armour unavailable)
rNeg   + + +     SustAb   .     (no shield)
rPois  +         Gourm    .     (helmet currently unavailable)
rElec  .         Spirit   .     (cloak currently unavailable)
rCorr  .         Warding  .     (gloves currently unavailable)
rMut   .         NoTele   +     (boots currently unavailable)
MR     .....                    (no amulet)
Stlth  ++........               (no ring)
                                n - ring of see invisible

@: tree-form, very slightly contaminated, hasted, very quick, not resistant to
hostile enchantments, unstealthy
A: unfitting armour, (cold-blooded), AC +5
a: no special abilities


You were on level 2 of the Dungeon.
You were not hungry.
You were a tree.
You visited 1 branch of the dungeon, and saw 2 of its levels.

You collected 118 gold pieces.

Inventory:

Hand weapons
 l - a +3 dagger of speed (weapon)
Jewellery
 n - a ring of see invisible (left branch)
Scrolls
 c - 2 scrolls of identify
 d - a scroll of teleportation
 e - a scroll of immolation {unknown}
 i - a scroll of recharging
 k - a scroll of amnesia {unknown}
 m - a scroll of blinking {unknown}
 o - 2 scrolls of fog {unknown}
Potions
 h - a potion of resistance {unknown}
 p - 2 potions of poison {unknown}
 q - 4 potions of curing {unknown}
Books
 a - a book of Conjurations

   Spells                             Type                      Level
   a - Magic Dart                     Conjuration                  1
   b - Searing Ray                    Conjuration                  2
   c - Dazzling Spray                 Conjuration/Hexes            3
   d - Fulminant Prism                Conjuration/Hexes            4
   e - Iskenderun's Mystic Blast      Conjuration                  4
   f - Iskenderun's Battlesphere      Conjuration/Charms           5
Comestibles
 b - a bread ration


   Skills:
 - Level 1.7 Dodging
 - Level 1.7 Stealth
 * Level 3.1 Spellcasting
 * Level 4.6 Conjurations
 + Level 0.1 Hexes


You had 2 spell levels left.
You knew the following spells:

 Your Spells              Type           Power        Failure   Level  Hunger
a - Magic Dart            Conj           ###.         3%          1    None
b - Searing Ray           Conj           ###...       6%          2    ##.....
c - Dazzling Spray        Conj/Hex       ##......     21%         3    ###....


Dungeon Overview and Level Annotations

Branches:
Dungeon (2/15)

Altars:
Zin


Innate Abilities, Weirdness & Mutations

((Your plain brown scales are hard (AC +5).))
Your body does not fit into most forms of armour.
((You are cold-blooded and may be slowed by cold attacks.))


Message History

* * * LOW HITPOINT WARNING * * *
The gnoll completely misses you. The gnoll hits you but does no damage.
The gnoll hits you but does no damage. The gnoll barely misses you.
The gnoll barely misses you. The gnoll hits you but does no damage.
The gnoll hits you but does no damage. The gnoll completely misses you.
The gnoll hits you but does no damage. The gnoll hits you but does no damage.
Casting: Magic Dart
Confirm with . or Enter, or press ? or * to list all spells.
Aiming: Magic Dart
Press: ? - help, Shift-Dir - straight line, f/p - gnoll
Aim: a gnoll, wielding a spear of freezing (moderately wounded)
The magic dart hits the gnoll.
The gnoll is heavily wounded.
The gnoll hits you from afar with a spear of freezing.
You die...

.## ###..♣.g.....#
.#######P♣♣.....<.#
..........♣PP....P##
#####....♣♣P...♣...#
##....PP..♣♣.P.#
#........♣♣♣♣.#
#....###.gPPP.#
#.....###.)PP##
#.♣♣♣.# ##.♣##
#.....# #### #.♣♣♣##
###


You could see a gnoll.

Vanquished Creatures
  An adder (D:1)
  A gnoll (D:2)
  2 worms (D:2)
  2 giant geckos (D:2)
  2 giant cockroaches
  4 hobgoblins
  3 jackals (D:1)
  5 kobolds
  A bat (D:2)
  A giant newt (D:1)
  4 goblins
  A quokka skeleton (D:1)
  7 rats
34 creatures vanquished.

Notes
Turn   | Place    | Note
--------------------------------------------------------------
     0 | D:1      | talyn, the Draconian Conjurer, began the quest for the Orb.
     0 | D:1      | Reached XP level 1. HP: 14/14 MP: 3/3
   312 | D:1      | Reached XP level 2. HP: 20/20 MP: 0/5
   369 | D:1      | Learned a level 2 spell: Searing Ray
  1071 | D:2      | Reached XP level 3. HP: 26/26 MP: 0/7
  1325 | D:2      | Learned a level 3 spell: Dazzling Spray
  1446 | D:2      | Found a glowing silver altar of Zin.
  1827 | D:2      | Slain by a gnoll

Action                   || total
-------------------------++-------
Melee: Unarmed           ||    12
 Cast: Magic Dart        ||    80
  Use: Scroll            ||     6
       Potion            ||     2
  Eat: Bread ration      ||     1
